 Dungeon Crawl Stone Soup version 0.30-a0-996-ga6910c8ee8 (webtiles) character file.

Game seed: 4620492578967678420

36952 Newt the Markskobold (level 14, -3/75 HPs)
             Began as a Kobold Hunter on Apr 4, 2023.
             Was an Elder of Hepliaklqana.
             Killed from afar by Rudyous's ghost (19 damage)
             ... with a stone arrow
             ... on level 1 of the Lair of Beasts.
             The game lasted 00:18:23 (13619 turns).

Newt the Markskobold (Kobold Hunter)               Turns: 13619, Time: 00:18:23

Health: -3/75      AC: 10    Str:  9    XL:     14   Next: 26%
Magic:  21/21      EV: 27    Int: 10    God:    Hepliaklqana [****..]
Gold:   1016       SH:  0    Dex: 23    Spells: 20/23 levels left

rFire   . . .      SeeInvis .    a - +6 shortbow
rCold   . . .      Faith    .    (shield currently unavailable)
rNeg    + . .      Spirit   .    F - +1 troll leather armour
rPois   .          Reflect  .    (no helmet)
rElec   .          Rampage  .    u - +0 cloak
rCorr   .                        j - +1 pair of gloves
Will    +....                    L - +0 pair of boots
Stlth   +++                      k - amulet of regeneration
HPRegen 1.92/turn                z - ring of positive energy
MPRegen 0.17/turn                p - +5 ring of evasion

@: lethally poisoned (-3 -> -4), about to teleport
A: reduced essence, small, no large weapons, nightstalker 3
a: Renounce Religion, Recall Ancestor, Ancestor Identity, Transference, Idealise


You were on level 1 of the Lair of Beasts.
You worshipped Hepliaklqana.
Hepliaklqana was greatly pleased with you.
You visited 2 branches of the dungeon, and saw 14 of its levels.

You collected 1347 gold pieces.
You spent 331 gold pieces at shops.

Inventory:

Hand Weapons
 a - a +6 shortbow (weapon)
Armour
 c - a +0 leather armour
 i - a +1 hat of willpower
 j - a +1 pair of gloves (worn)
 u - a +0 cloak (worn)
 x - +0 steam dragon scales
 D - +0 acid dragon scales
 E - a scarf of resistance
 F - a +1 troll leather armour (worn)
 L - a +0 pair of boots (worn)
Jewellery
 k - an amulet of regeneration (around neck)
 p - a +5 ring of evasion (right hand)
 z - a ring of positive energy (left hand)
 B - an amulet of the acrobat
 K - an amulet of magic regeneration
 R - a ring of protection from fire
Wands
 o - a wand of acid (12)
 I - a wand of polymorph (16)
 M - a wand of digging (14)
 P - a wand of mindburst (7)
 Q - a wand of flame (9)
Scrolls
 b - a scroll of immolation
 d - 3 scrolls of teleportation
 m - 3 scrolls of blinking
 n - 5 scrolls of silence
 q - 2 scrolls of magic mapping
 t - a scroll of torment
 y - 3 scrolls of fear
 A - 2 scrolls of amnesia
 H - 2 scrolls of fog
 J - 3 scrolls of identify
Potions
 e - 2 potions of resistance
 f - 4 potions of might
 g - 4 potions of curing
 h - 2 potions of haste
 l - a potion of berserk rage
 r - a potion of magic
 s - 3 potions of mutation
 v - 5 potions of flight
 w - 2 potions of degeneration
 C - 6 potions of heal wounds
 G - a potion of brilliance
 N - a potion of cancellation
 O - a potion of ambrosia


   Skills:
 - Level 8.0 Fighting
 - Level 20.0 Ranged Weapons
 - Level 5.0 Armour
 - Level 10.0 Dodging
 - Level 1.3 Stealth
 + Level 5.1 Spellcasting
 + Level 5.1 Hexes
 + Level 5.1 Translocations
 - Level 9.0 Invocations
 - Level 6.4 Evocations


You had 20 spell levels left.
You knew the following spells:

 Your Spells              Type           Power      Damage    Failure   Level
a - Portal Projectile     Hex/Tloc       24%        N/A       11%         3

Your spell library contained the following spells:

 Spells                   Type           Power      Damage    Failure   Level
 Blink                    Tloc           24%        N/A       5%          2
 Vhi's Electric Charge    Tloc/Air       14%        N/A       30%         3
 Manifold Assault         Tloc           12%        N/A       36%         4
 Cigotuvi's Dreadful Rot  Necr/Pois/Air  4%         N/A       41%         2
 Poisonous Vapours        Pois/Air       4%         N/A       41%         2
 Sublimation of Blood     Necr           2%         N/A       41%         2
 Call Canine Familiar     Summ           2%         N/A       65%         3
 Mephitic Cloud           Conj/Pois/Air  2%         N/A       65%         3
 Leda's Liquefaction      Hex/Erth       3%         N/A       71%         4
 Petrify                  Tmut/Erth      2%         N/A       96%         4
 Dispersal                Tloc           6%         N/A       99%         6
 Arcjolt                  Conj/Air       1%         1d11      100%        5
 Irradiate                Conj/Tmut      1%         3d12      100%        5
 Storm Form               Tmut/Air       1%         N/A       100%        7
 Maxwell's Capacitive Co  Air            1%         ∞         100%        8
 Dragon's Call            Summ           1%         N/A       100%        9


Dungeon Overview and Level Annotations

Branches:
Dungeon (13/15)            Temple (0/1) D:5            Lair (1/5) D:8
    Orc (0/2) D:11         Vaults (0/5) D:13

Altars:
Cheibriados
Dithmenos
Fedhas
Gozag
Hepliaklqana
Kikubaaqudgha
Nemelex Xobeh
Qazlal
Ru
Sif Muna
Trog
Xom
Yredelemnul

Shops:
D:2 =   D:7 !   D:9 ![[?(

Annotations:
Lair:1 Rudyous's ghost, journeyman GrEE


Innate Abilities, Weirdness & Mutations

Your life essence is reduced to manifest your ancestor. (-10% HP)
You are small and have problems with some larger weapons.
You are completely attuned to the shadows.


Message History

Key pressed, stopping explore.
No target in view!
Rudyous's ghost turns its malevolent gaze towards you.
Unknown command.
Okay, then.
As you open the door, it creaks loudly!
Rudyous's ghost waves its arms in wide circles.
The air twists around and strikes you!!
The +2 dire flail of chaos attacks as you move away!
The +2 dire flail of chaos barely misses you.
Gaius closely misses the +2 dire flail of chaos.
The +2 dire flail of chaos closely misses you.
You shoot an arrow.
The arrow hits the +2 dire flail of chaos.
The +2 dire flail of chaos is moderately damaged.
The +2 dire flail of chaos misses you.
Gaius barely misses the +2 dire flail of chaos.
You shoot an arrow.
The arrow hits the +2 dire flail of chaos.
The +2 dire flail of chaos is moderately damaged.
The +2 dire flail of chaos hits you!
You are poisoned.
Rudyous's ghost misses you.
The +2 dire flail of chaos attacks as you move away!
The +2 dire flail of chaos completely misses you.
Rudyous's ghost attacks as you move away!
Rudyous's ghost completely misses you.
You feel very sick. The +2 dire flail of chaos misses you.
Gaius misses the +2 dire flail of chaos.
As you read the scroll of teleportation, it crumbles to dust.
You feel strangely unstable.
You feel very sick. The +2 dire flail of chaos hits you!
* * * LOW HITPOINT WARNING * * *
The +2 dire flail of chaos burns you.
* * * LOW HITPOINT WARNING * * *
Rudyous's ghost points at you and mumbles some strange words.
The stone arrow hits you!!
You die...

########.......##PP##.#####......
............................#####
####.#########P#..P#.#..#.#.# ###
###..#########.# #.#.# #.#
##...### #.# #....#$## #.##
#..W.'_.# #..# ## ### ##@(R#)##
#.#####
P########.######...########.###.#
.................................
###..###P.####.###..#######......
##..## ##.# ### #.## #....>. ##.#
##.## #.# #...... ##.# #...# #.##
#...... #..## ##.## #..# #......
###.P####.# ##.## #####......


You could see the friendly Gaius the knight, a +2 dire flail of chaos (ally
target) and Rudyous's ghost.

Vanquished Creatures
  Gastronok (Lair:1)
  Azrael (D:13)
  2 boulder beetles
  A centaur warrior (D:13)
  4 two-headed ogres
  2 tengu warriors
  Nergalle (D:10)
  A deep elf knight (D:13)
  Sonja (D:10)
  A skeletal warrior (D:13)
  Lodul (D:12)
  A deep elf zephyrmancer (D:13)
  4 deep elf pyromancers
  An ugly thing (D:13)
  2 manticores
  2 cyclopes (D:13)
  A cane toad (Lair:1)
  2 gargoyles (D:12)
  Maggie (D:6)
  2 yaktaurs (D:13)
  An unseen horror (shapeshifter) (D:13)
  2 kobold demonologists
  3 trolls
  3 blink frogs (Lair:1)
  8 slime creatures
  2 shadows
  2 wraiths
  14 yaks
  2 fire elementals (D:13)
  Grum (D:8)
  A basilisk (D:11)
  3 hogs (D:12)
  2 steam dragons (D:7)
  9 vampire mosquitoes
  2 acid dragons
  4 water moccasins
  A sky beast (D:7)
  An ice beast (D:6)
  2 black bears
  7 orc warriors
  12 ogres
  2 centaurs
  5 wolves
  7 kobold brigands
  4 bullfrogs
  3 gnoll sergeants
  4 scorpions
  15 killer bees
  An electric eel (D:7)
  A howler monkey (D:5)
  4 hounds
  9 orc priests
  5 jellies
  2 sleepcaps (D:5)
  Natasha (D:2)
  13 orc wizards
  A boggart skeleton (D:13)
  15 gnolls
  9 adders
  A shadow imp (D:6)
  An ufetubus (D:5)
  A worm (D:3)
  2 dart slugs
  33 orcs
  7 endoplasms
  6 giant cockroaches
  6 goblins
  7 hobgoblins
  4 jackals (D:1)
  3 quokkas
  7 ball pythons
  2 bats
  3 frilled lizards
  33 kobolds
  5 rats
336 creatures vanquished.

Vanquished Creatures (collateral kills)
  Kirke (D:12)
  A yaktaur captain (D:13)
  A deep elf pyromancer (D:13)
  An ugly thing (D:12)
  2 centaur skeletons (D:13)
  A torpor snail (Lair:1)
  A kobold demonologist (D:11)
  A yaktaur (D:13)
  Psyche (D:12)
  2 hornets
  2 blink frogs (Lair:1)
  5 yaks
  A wraith (D:13)
  A hog (D:12)
  A fire elemental (D:13)
  Menkaure (D:6)
  2 water moccasins
  A black bear (D:7)
  An ogre (D:5)
  A wolf (Lair:1)
  3 kobold brigands
  A killer bee (D:10)
  An electric eel (D:7)
  A sleepcap (D:5)
  2 orcs
  A kobold (D:5)
37 creatures vanquished.

Vanquished Creatures (others)
  A human (D:12)
  12 knights
  3 ancestors
  An orc (D:12)
  14 fungi
  10 plants
41 creatures vanquished.

Grand Total: 414 creatures vanquished

Notes
Turn   | Place    | Note
-------+----------+-------------------------------------------
     0 | D:1      | Newt the Kobold Hunter began the quest for the Orb.
     0 | D:1      | Reached XP level 1. HP: 12/12 MP: 1/1
   162 | D:1      | Reached XP level 2. HP: 4/18 MP: 2/2
   563 | D:1      | Reached XP level 3. HP: 19/23 MP: 3/3
  1162 | D:2      | Found a faded altar of an unknown god.
  1290 | D:2      | Found Ubufergh's Jewellery Shop.
  1576 | D:2      | Reached XP level 4. HP: 25/30 MP: 4/4
  1642 | D:2      | Noticed Natasha
  1645 | D:2      | Killed Natasha
  1646 | D:2      | Reached skill level 5 in Fighting
  1935 | D:3      | Reached XP level 5. HP: 35/35 MP: 5/5
  2030 | D:3      | Reached skill level 6 in Ranged Weapons
  2868 | D:3      | Found a hazy altar of Hepliaklqana.
  2896 | D:3      | Found a sparkling altar of Nemelex Xobeh.
  2904 | D:3      | Became a worshipper of Hepliaklqana the Forgotten
  3114 | D:4      | Reached skill level 7 in Ranged Weapons
  3114 | D:4      | Reached XP level 6. HP: 18/40 MP: 6/6
  3461 | D:4      | Noticed an ogre
  3468 | D:4      | Killed an ogre
  3469 | D:4      | Reached skill level 8 in Ranged Weapons
  3912 | D:5      | Entered Level 5 of the Dungeon
  3915 | D:5      | Reached XP level 7. HP: 44/44 MP: 7/7
  3918 | D:5      | Reached skill level 9 in Ranged Weapons
  4022 | D:5      | Reached * piety under Hepliaklqana
  4092 | D:5      | Reached skill level 10 in Ranged Weapons
  4167 | D:5      | Reached XP level 8. HP: 44/44 MP: 8/8
  4220 | D:5      | Reached skill level 5 in Dodging
  4744 | D:5      | Found a staircase to the Ecumenical Temple.
  4964 | D:6      | Noticed Menkaure
  4969 | D:6      | Killed Menkaure
  4971 | D:6      | Found a basalt altar of Yredelemnul.
  5079 | D:6      | Found an ancient bone altar of Kikubaaqudgha.
  5079 | D:6      | Found a blossoming altar of Fedhas.
  5079 | D:6      | Found a sacrificial altar of Ru.
  5080 | D:6      | Found a snail-covered altar of Cheibriados.
  5309 | D:6      | Noticed Maggie
  5318 | D:6      | Killed Maggie
  5319 | D:6      | Reached XP level 9. HP: 53/53 MP: 9/9
  5329 | D:6      | Reached skill level 11 in Ranged Weapons
  5773 | D:7      | Found a shimmering blue altar of Sif Muna.
  6081 | D:7      | Found Icvotaeh's Distillery.
  6086 | D:7      | Bought a potion of heal wounds for 55 gold pieces
  6106 | D:7      | Reached skill level 12 in Ranged Weapons
  6264 | D:7      | Reached skill level 13 in Ranged Weapons
  6269 | D:7      | Found a bloodstained altar of Trog.
  6551 | D:7      | Reached XP level 10. HP: 57/57 MP: 10/10
  6663 | D:8      | Reached skill level 14 in Ranged Weapons
  6674 | D:8      | Reached skill level 1 in Evocations
  6722 | D:8      | Reached skill level 5 in Evocations
  6775 | D:8      | Reached ** piety under Hepliaklqana
  6776 | D:8      | Remembered your ancestor Gaius as a knight
  6887 | D:8      | Found a stormy altar of Qazlal.
  6927 | D:8      | Found an opulent altar of Gozag.
  6987 | D:8      | Noticed Grum
  6998 | D:8      | Killed Grum
  7015 | D:8      | Reached skill level 15 in Ranged Weapons
  7097 | D:8      | Found a staircase to the Lair.
  7454 | D:9      | Reached skill level 16 in Ranged Weapons
  7461 | D:9      | Reached XP level 11. HP: 61/61 MP: 10/13
  7540 | D:9      | Found Rewuff Moclo's Armour Boutique.
  7565 | D:9      | Found Ipaigoipn's Magic Scroll Shoppe.
  7585 | D:9      | Bought a scroll of identify for 30 gold pieces
  7585 | D:9      | Bought a scroll of identify for 30 gold pieces
  7638 | D:9      | Found Suuplara's Weapon Shop.
  7688 | D:9      | Found Kinem's Antique Armour Shop.
  7694 | D:9      | Bought a glowing scarf for 216 gold pieces
  7713 | D:9      | Found Qusosot's Distillery.
  7957 | D:10     | Entered Level 10 of the Dungeon
  7973 | D:10     | Reached skill level 5 in Invocations
  7973 | D:10     | Reached skill level 1 in Armour
  8220 | D:10     | Noticed Sonja
  8222 | D:10     | Killed Sonja
  8310 | D:10     | Noticed Nergalle
  8326 | D:10     | Killed Nergalle
  8434 | D:10     | Noticed a two-headed ogre
  8441 | D:10     | Killed a two-headed ogre
  8442 | D:10     | Reached skill level 5 in Armour
  8717 | D:10     | Reached *** piety under Hepliaklqana
  9350 | D:11     | Noticed a tengu warrior
  9370 | D:11     | Killed a tengu warrior
  9672 | D:11     | Noticed a two-headed ogre
  9679 | D:11     | Killed a two-headed ogre
  9680 | D:11     | Reached XP level 12. HP: 63/65 MP: 15/15
  9702 | D:11     | Found a staircase to the Orcish Mines.
  9744 | D:11     | Reached skill level 10 in Dodging
 10013 | D:11     | Noticed a two-headed ogre
 10020 | D:11     | Killed a two-headed ogre
 10098 | D:11     | Got the Essays on the Amalgamated Jaunt
 10225 | D:12     | Noticed Lodul
 10234 | D:12     | Killed Lodul
 10279 | D:12     | Noticed Kirke
 10297 | D:12     | Killed Kirke
 10425 | D:12     | Noticed Psyche
 10430 | D:12     | Killed Psyche
 10431 | D:12     | Reached skill level 17 in Ranged Weapons
 10622 | D:12     | Noticed a boulder beetle
 10665 | D:12     | Killed a boulder beetle
 10877 | D:12     | Reached XP level 13. HP: 42/70 MP: 19/19
 10951 | D:12     | Reached skill level 18 in Ranged Weapons
 11013 | D:12     | Reached **** piety under Hepliaklqana
 11245 | D:12     | Found a shadowy altar of Dithmenos.
 11715 | D:13     | Reached skill level 19 in Ranged Weapons
 11776 | D:13     | Reached skill level 20 in Ranged Weapons
 11838 | D:13     | Reached skill level 1 in Hexes
 11845 | D:13     | Reached skill level 1 in Spellcasting
 11845 | D:13     | Reached skill level 1 in Translocations
 11850 | D:13     | Found a gate to the Vaults.
 11928 | D:13     | Noticed Azrael
 11938 | D:13     | Killed Azrael
 12248 | D:13     | Noticed a centaur warrior
 12257 | D:13     | Killed a centaur warrior
 12344 | D:13     | Noticed a yaktaur captain
 12561 | D:13     | Killed a yaktaur captain
 12641 | D:13     | Reached XP level 14. HP: 60/75 MP: 20/20
 12672 | D:12     | Learned a level 3 spell: Portal Projectile
 12752 | Lair:1   | Entered Level 1 of the Lair of Beasts
 12753 | Lair:1   | Noticed Gastronok
 12794 | Lair:1   | Killed Gastronok
 12862 | Lair:1   | Found a runed translucent door.
 12891 | Lair:1   | Found a shimmering altar of Xom.
 12891 | Lair:1   | Noticed Rudyous's ghost (journeyman GrEE)
 13233 | Lair:1   | Reached skill level 5 in Spellcasting
 13233 | Lair:1   | Reached skill level 5 in Hexes
 13233 | Lair:1   | Reached skill level 5 in Translocations
 13619 | Lair:1   | Killed from afar by Rudyous's ghost

Illustrated notes

Levels and vault maps discovered:
D:1:      heliophobic_arrival_dark_side_of_the_moon, layout_basic, minivault_27,
          due_unseen_surprise
D:2:      layout_basic, shapermc_ecumenical_altar_mp_ritualfount, serial_shops,
          shop, uniq_natasha
D:3:      minmay_recursive_quarters, layout_basic, mainiacjoe_overflow_big_doors
D:4:      layout_cave_pods
D:5:      cheibrodos_thug_alley, layout_loops_ring,
          minmay_temple_entry_enclosed_plants, kennysheep_generic_room_6
D:6:      layout_loops_ring, chequers_temple_overflow_statue_of_worship,
          mainiacjoe_overflow_small_starburst, uniq_menkaure, uniq_maggie
D:7:      layout_gridville, lemuel_blue_sif_altar, trog_ov_bears_minmay,
          kennysheep_big_empty_room, nicolae_stop_n_shop_1
D:8:      layout_basic, mainiacjoe_overflow_catch_the_wave,
          grunt_lair_entry_orc_guard_hut, hangedman_decor_clover_reticule,
          uniq_grum
D:9:      layout_rooms, serial_shops, shop, nicolae_shop_stone,
          nicolae_shop_statue_plus, shop, shop
D:10:     layout_stronghold, uniq_sonja, uniq_nergalle
D:11:     layout_loops_ring, minmay_orc_entry_temple_large,
          minmay_misc_feat_square
D:12:     layout_loops_ring, nicolae_dithmenos_shadow_blocks, uniq_lodul,
          uniq_kirke, uniq_psyche
D:13:     layout_roguey, hangedman_vaults_entry_quadrant_bands,
          minmay_checkered_concentric_circles, uniq_erolcha, uniq_azrael
Lair:1:   layout_small_grid, ebering_ghost_xom, serial_bayou_shore_b,
          uniq_gastronok

Skill      XL: |  1  2  3  4  5  6  7  8  9 10 11 12 13 14 |
---------------+-------------------------------------------+-----
Fighting       | 3 4 5 8 |  8.0
Ranged Weapons | 7 8 10 13 16 17 20 | 20.0
Dodging        | 4 6 9 10 | 10.0
Evocations     | 6 |  6.4
Invocations    | 2 5 9 |  9.0
Armour         | 5 |  5.0
Hexes          | 3 5 |  5.1
Spellcasting   | 3 5 |  5.1
Translocations | 3 5 |  5.1
Stealth        | |  1.3

Action                     |  1- 3 |  4- 6 |  7- 9 | 10-12 | 13-15 || total
---------------------------+-------+-------+-------+-------+-------++-------
  Melee: Unarmed           |       |       |       |     2 |       ||     2
   Fire: Shortbow          |    78 |   120 |   225 |   632 |   404 ||  1459
 Invoke: Ancestor Life: Kn |       |       |       |     1 |       ||     1
         Transference      |       |       |       |     1 |       ||     1
         Idealise          |       |       |       |       |     2 ||     2
         Recall Ancestor   |       |       |       |       |     1 ||     1
  Evoke: Wand              |       |       |       |     6 |     5 ||    11
    Use: Scroll            |     6 |     5 |    12 |     4 |     6 ||    33
         Potion            |       |       |     1 |     2 |       ||     3
 Armour: Leather armour    |    13 |     4 |     2 |       |       ||    19
         Steam dragon scal |       |       |     6 |     5 |       ||    11
         Troll leather arm |       |       |       |    25 |    11 ||    36
  Dodge: Dodged            |    47 |    37 |    60 |   142 |   149 ||   435

Table legend: (Time is in decaauts)
 A = Elapsed time spent in this place.
 B = Non-inter-level travel time spent in this place.
 C = Inter-level travel time spent in this place.
 D = Time resting spent in this place.
 E = Time spent auto-exploring this place.
 F = Levels seen in this place.
 G = Mean time per level.
                   A        B        C        D        E       F      G
               +--------+--------+--------+--------+--------+-----+--------+
         Total |  13400 |  12993 |    407 |   1209 |   9775 |  14 |  957.1 |
       Dungeon |  12570 |  12163 |    407 |   1209 |   9083 |  13 |  966.9 |
          Lair |    830 |    830 |      0 |      0 |    692 |   1 |  830.0 |
               +--------+--------+--------+--------+--------+-----+--------+

Top non-repeatable levels by time:
    D:10: 1381 daAuts
    D:12: 1268 daAuts
     D:1: 1165 daAuts
     D:3: 1124 daAuts
    D:13: 1102 daAuts
     D:5: 1014 daAuts
     D:7: 926 daAuts
     D:4: 918 daAuts
    D:11: 830 daAuts
  Lair:1: 830 daAuts
     D:6: 794 daAuts
     D:2: 754 daAuts
     D:8: 695 daAuts
     D:9: 594 daAuts
